 Dungeon Crawl Stone Soup version 0.29.1-1-gd02db6906a (webtiles) character file.

Game seed: 14059862218248346254

26729 Ijustatesigmund the Fighter (level 13, -3/89 HPs)
             Began as a Gargoyle Fighter on Sept 22, 2022.
             Was an Elder of Cheibriados.
             Slain by a vault guard simulacrum (32 damage)
             ... on level 13 of the Dungeon.
             The game lasted 00:27:07 (12131 turns).

Ijustatesigmund the Fighter (Gargoyle Fighter)     Turns: 12131, Time: 00:27:09

Health: -3/89      AC: 27    Str: 32    XL:     13   Next: 27%
Magic:  14/19      EV: 19    Int: 21    God:    Cheibriados [****..]
Gold:   344        SH:  7    Dex: 16    Spells: 11/12 levels left

rFire   + + +      SeeInvis +   v - +9 hand axe of the Egg {vorpal, rF+ Will++ Int+4 Dex-2}
rCold   . . .      Faith    .   c - +2 buckler
rNeg    + + .      Spirit   .   b - +5 leather armour of Vuit Fyh {*Slow rElec Regen+ Str+2}
rPois   ∞          Reflect  .   I - +2 helmet {SInv}
rElec   +          Harm     .   w - +2 cloak {rCorr}
rCorr   +          Rampage  .   K - +0 pair of gloves
Will    ++...                   D - +0 pair of boots
Stlth   +.........              (no amulet)
HPRegen 1.04/turn               g - ring of Gacsoik {Wiz rF++ rN+ rCorr Str-5}
MPRegen 0.16/turn               i - +6 ring of evasion

@: studying Axes, very slow
A: sickness immunity, AC +9, negative energy resistance 1, electricity
resistance, torment resistance 1, petrification resistance
a: Renounce Religion, Bend Time, Temporal Distortion, Slouch


You were on level 13 of the Dungeon.
You worshipped Cheibriados.
Cheibriados was greatly pleased with you.
You visited 2 branches of the dungeon, and saw 14 of its levels.

You collected 1358 gold pieces.
You spent 1014 gold pieces at shops.

Inventory:

Hand Weapons
 a - a +6 flail of flaming
 t - the +4 sling "Grim Tooth" {freeze, +Blink}
   (You found it on level 4 of the Dungeon)

   Any ammunition fired from it freezes those it strikes, dealing additional
   cold damage.
   It can also slow down cold-blooded creatures.
   +Blink:    It lets you blink.
 v - the +9 hand axe of the Egg (weapon) {vorpal, rF+ Will++ Int+4 Dex-2}
   (You took it off a kobold on level 4 of the Dungeon)

   It inflicts extra damage upon your enemies.
   Int:       It affects your intelligence (+4).
   Dex:       It affects your dexterity (-2).
   rF:        It protects you from fire.
   Will:      It greatly increases your willpower.
Missiles
 f - 5 throwing nets
Armour
 b - the +5 leather armour of Vuit Fyh (worn) {*Slow rElec Regen+ Str+2}
   (You found it on level 3 of the Dungeon)

   Str:       It affects your strength (+2).
   rElec:     It insulates you from electricity.
   Regen:     It increases your rate of health regeneration.
   *Slow:     It may slow you when you take damage.
 c - a +2 buckler (worn)
 w - a +2 cloak of preservation (worn)
 D - a +0 pair of boots (worn)
 I - a +2 helmet of see invisible (worn)
 K - a +0 pair of gloves (worn)
Jewellery
 g - a ring of Gacsoik (left hand) {Wiz rF++ rN+ rCorr Str-5}
   (You acquired it on level 9 of the Dungeon)

   [ring of wizardry]

   It improves your spell success rate.
   Str:       It affects your strength (-5).
   rF:        It greatly protects you from fire.
   rN:        It protects you from negative energy.
   rCorr:     It protects you from acid and corrosion.
 i - a +6 ring of evasion (right hand)
 F - a ring of ice
 G - a ring of flight
Wands
 x - a wand of iceblast (3)
 y - a wand of mindburst (5)
 H - a wand of charming (2)
Scrolls
 h - 3 scrolls of identify
 k - a scroll of amnesia
 m - a scroll of brand weapon
 n - a scroll of poison
 o - a scroll of blinking
 q - 3 scrolls of enchant weapon
 s - 2 scrolls of vulnerability
 A - 7 scrolls of teleportation
 L - a scroll of fear
Potions
 d - 4 potions of might
 e - 2 potions of curing
 j - 4 potions of flight
 l - 3 potions of magic
 p - 2 potions of attraction
 r - 3 potions of ambrosia
 u - 4 potions of lignification
 z - 4 potions of heal wounds
 B - 4 potions of mutation
 C - a potion of cancellation
 E - a potion of brilliance
 J - 2 potions of berserk rage


   Skills:
 + Level 13.7 Fighting
 + Level 10.1(11.6) Axes
 - Level 10.1(12.2) Maces & Flails
 - Level 2.2 Ranged Weapons
 - Level 6.3 Armour
 - Level 4.2 Dodging
 - Level 5.4 Shields
 - Level 4.5 Conjurations
 + Level 8.4 Invocations
 - Level 5.5 Evocations


You had 11 spell levels left.
You knew the following spells:

 Your Spells              Type           Power      Damage    Failure   Level
a - Magic Dart            Conj           72%        1d6       1%          1

Your spell library contained the following spells:

 Spells                   Type           Power      Damage    Failure   Level
 Searing Ray              Conj           36%        2d5       2%          2
 Sting                    Tmut/Pois      0%         1d3       11%         1
 Dazzling Flash           Conj/Hex       18%        N/A       12%         3
 Poisonous Vapours        Pois/Air       0%         N/A       16%         2
 Mephitic Cloud           Conj/Pois/Air  6%         N/A       16%         3
 Ignite Poison            Fire/Tmut/Pois 0%         N/A       28%         3
 Fulminant Prism          Conj/Hex       4%         3d6       36%         4
 Iskenderun's Mystic Bla  Conj/Tloc      9%         2d4       36%         4
 Airstrike                Air            0%         2d(0-16)  65%         4
 Olgreb's Toxic Radiance  Pois           0%         N/A       65%         4
 Summon Lightning Spire   Summ/Air       0%         N/A       65%         4
 Lightning Bolt           Conj/Air       4%         1d16      69%         5
 Freezing Cloud           Conj/Ice/Air   3%         6-21      80%         5
 Starburst                Conj/Fire      4%         6d4       99%         6
 Simulacrum               Ice/Necr       0%         N/A       100%        6
 Polar Vortex             Ice            0%         N/A       100%        9


Dungeon Overview and Level Annotations

Branches:
Dungeon (13/15)            Temple (1/1) D:7            Lair (0/5) D:8
    Orc (0/2) D:11         Vaults (0/5) D:13

Altars:
Ashenzari
Cheibriados
Dithmenos
Elyvilon
Fedhas
Gozag
Hepliaklqana
Kikubaaqudgha
Makhleb
Nemelex Xobeh
Okawaru
Qazlal
Ru
Sif Muna
Trog
Uskayaw
Vehumet
Wu Jian
Xom
Yredelemnul
Zin
The Shining One

Shops:
D:4 :   D:5 =*   D:10 ?   D:13 *!

Portals:
Abyss: D:11

Annotations:
D:11 2 transporters, Venard's ghost, novice MeEE


Innate Abilities, Weirdness & Mutations

You are immune to sickness and miasma.
Your stone body is resilient. (AC +9)
You are immune to poison.
You resist negative energy. (rN+)
You are resistant to electric shocks. (rElec)
You are resistant to unholy torment.
You are immune to petrification.


Message History

A freezing mist starts to gather...
A vault guard simulacrum comes into view.
Your base Axes skill increases to level 10!
The vault guard simulacrum completely misses you.
The necromancer barely misses you.
The vault guard simulacrum hits you but does no damage. x2
There is an open gate, spattered with blood here.
Things that are here:
a +0 war axe; a +0 chain mail; a +0 kite shield You slash the necromancer!
The necromancer is heavily wounded.
You hit the vault guard simulacrum.
You closely miss the vault guard simulacrum.
You block the necromancer's attack.
The vault guard simulacrum completely misses you.
You slash the necromancer!
The necromancer is almost dead.
You slash the vault guard simulacrum! x2
The vault guard simulacrum misses you. The necromancer misses you.
You slash the necromancer!
You kill the necromancer!
Cheibriados thoroughly appreciates the change of pace.
You hit the vault guard simulacrum. You slash the vault guard simulacrum!
A freezing mist starts to gather...
A necromancer simulacrum comes into view.
The vault guard simulacrum hits you!
The vault guard simulacrum freezes you!!
You are too injured to fight recklessly!
You are too injured to fight recklessly!
You are too injured to fight recklessly!
You are too injured to fight recklessly!
You are too injured to fight recklessly!
Unknown command.
Activating: Slouch (5% risk of failure)
Press: ? - help, Dir - look around, f - activate You can feel time thicken for a moment.
Cheibriados lowers the support of your attributes as your movement quickens.
The vault guard simulacrum hits you.
The vault guard simulacrum freezes you!!
You die...

...###.......#......=.#†.....#
.....#...................†...#
...).#........#############..#
.)...#######..#)....#....[#..#
...........#..#....)'.....#..#
.######....#..#..⌠..)..⌠..#..#
.#....'....#..#))...'.....#..#
.#....#....#..#.Z...#.††..#..#
.#....#....#..##@Z'###'')##..####
.######....#..#.)Z..#..†..#......
..)........#..#.....#.....'.....#
....########..#..∩..#..⌠.†'.....#
....'.........#)...$#.....'......
+####.........#$)."!#.[..†#....~~
..............#############...~~♣
...............................~.
..........................)...)..


You could see a necromancer simulacrum and 2 vault guard simulacra.

Vanquished Creatures
  3 vault guards (D:13)
  3 boulder beetles
  A two-headed ogre (D:9)
  A death knight (D:8)
  Pikel (D:5)
  A deep elf pyromancer (D:12)
  A wizard (D:13)
  3 necromancers (D:13)
  An ugly thing (D:13)
  3 cyclopes
  An efreet (D:13)
  A yaktaur (D:13)
  A komodo dragon (D:12)
  6 trolls
  Prince Ribbit (D:7)
  2 slime creatures
  2 vampires
  2 wraiths (D:12)
  4 wyverns
  19 yaks
  17 humans (D:13)
  A basilisk (D:8)
  14 vampire mosquitoes
  3 steam dragons (D:9)
  Menkaure (D:5)
  An acid dragon (D:9)
  Duvessa (D:4)
  5 water moccasins
  An ice beast (D:5)
  5 orc warriors
  A swamp drake (D:11)
  3 black bears
  4 ogres
  2 wolves (D:8)
  3 centaurs
  3 kobold brigands
  A necrophage (D:4)
  2 gnoll sergeants
  2 bullfrogs
  4 scorpions
  22 wights
  Dowan (D:4)
  17 killer bees
  A howler monkey (D:11)
  2 hounds (D:4)
  4 jellies
  Crazy Yiuf (D:7)
  2 gnoll boudas (D:7)
  7 orc priests
  An iguana (D:7)
  11 orc wizards
  Robin (D:2)
  21 gnolls
  11 adders
  A white imp (D:7)
  2 worms
  3 dart slugs
  40 orcs
  4 endoplasms
  2 giant cockroaches (D:4)
  16 goblins
  8 hobgoblins
  8 jackals (D:1)
  21 kobolds
  6 quokkas
  9 ball pythons
  4 bats (D:1)
  5 frilled lizards
  4 rats
366 creatures vanquished.

Vanquished Creatures (others)
  3 fungi (D:8)
  20 plants
  4 withered plants (D:1)
27 creatures vanquished.

Grand Total: 393 creatures vanquished

Notes
Turn   | Place    | Note
-------+----------+-------------------------------------------
     0 | D:1      | Ijustatesigmund the Gargoyle Fighter began the quest for
                  | the Orb.
     0 | D:1      | Reached XP level 1. HP: 14/14 MP: 1/1
   282 | D:1      | Reached XP level 2. HP: 19/19 MP: 2/2
   658 | D:1      | Reached XP level 3. HP: 24/24 MP: 3/3
  1003 | D:1      | Found a faded altar of an unknown god.
  1481 | D:2      | Reached skill level 4 in Fighting
  1574 | D:2      | Reached XP level 4. HP: 29/29 MP: 4/4
  1967 | D:2      | Noticed Robin
  1983 | D:2      | Killed Robin
  2231 | D:2      | Found a glowing silver altar of Zin.
  2344 | D:2      | Reached XP level 5. HP: 29/34 MP: 5/5
  2809 | D:3      | Identified the +5 leather armour of Vuit Fyh {*Slow rElec
                  | Regen+ Str+2}
  3324 | D:4      | Identified the +4 sling "Grim Tooth" {freeze, +Blink}
  3393 | D:4      | Found a broken altar of Ashenzari.
  3474 | D:4      | Noticed a black bear
  3487 | D:4      | Killed a black bear
  3488 | D:4      | Reached skill level 5 in Fighting
  3488 | D:4      | Reached skill level 5 in Maces & Flails
  3488 | D:4      | Reached XP level 6. HP: 28/40 MP: 6/6
  3525 | D:4      | Found Caekag's Book Shop.
  3527 | D:4      | Noticed Dowan
  3527 | D:4      | Noticed Duvessa
  3556 | D:4      | Killed Duvessa
  3569 | D:4      | Killed Dowan
  3570 | D:4      | Reached skill level 6 in Fighting
  3708 | D:4      | Reached XP level 7. HP: 42/46 MP: 7/7
  3889 | D:4      | Identified the +9 hand axe of the Egg {vorpal, rF+ Will++
                  | Int+4 Dex-2}
  4078 | D:4      | Found a hide-covered altar of Uskayaw.
  4189 | D:4      | Found an ornate altar of the Wu Jian Council.
  4573 | D:5      | Entered Level 5 of the Dungeon
  4631 | D:5      | Found Zin's Purification Station.
  4637 | D:5      | Reached XP level 8. HP: 45/52 MP: 8/8
  4639 | D:5      | Reached skill level 7 in Fighting
  4645 | D:5      | Found a glowing silver altar of Zin.
  4658 | D:5      | Reached skill level 5 in Shields
  4803 | D:5      | Noticed Menkaure
  4808 | D:5      | Killed Menkaure
  4855 | D:5      | Noticed Pikel
  4867 | D:5      | Killed Pikel
  4868 | D:5      | Reached skill level 8 in Fighting
  4868 | D:5      | Reached XP level 9. HP: 58/60 MP: 9/9
  4891 | D:5      | Found a shimmering blue altar of Sif Muna.
  4898 | D:5      | Found a shadowy altar of Dithmenos.
  5091 | D:5      | Found Koefokk's One-of-a-Kind Rings.
  5135 | D:5      | Reached skill level 5 in Armour
  5466 | D:6      | Reached skill level 9 in Fighting
  5848 | D:7      | Noticed Prince Ribbit
  5850 | D:7      | Found a shimmering altar of Xom.
  5866 | D:7      | Killed Prince Ribbit
  5950 | D:7      | Reached skill level 1 in Ranged Weapons
  5951 | D:7      | Reached skill level 1 in Evocations
  6017 | D:7      | Found a runed translucent door.
  6018 | D:7      | Noticed Crazy Yiuf
  6031 | D:7      | Killed Crazy Yiuf
  6118 | D:7      | Found a blossoming altar of Fedhas.
  6162 | D:7      | Reached XP level 10. HP: 66/66 MP: 10/10
  6460 | D:7      | Reached skill level 5 in Evocations
  6564 | D:7      | Found a staircase to the Ecumenical Temple.
  6755 | Temple   | Entered the Ecumenical Temple
  6816 | D:8      | Learned a level 1 spell: Magic Dart
  6926 | D:8      | Reached skill level 1 in Conjurations
  6951 | D:8      | Reached skill level 1 in Dodging
  7102 | D:8      | Found a staircase to the Lair.
  7126 | D:8      | Reached skill level 10 in Fighting
  7146 | D:8      | Reached XP level 11. HP: 68/72 MP: 11/11
  7269 | D:8      | Noticed a death knight
  7287 | D:8      | Killed a death knight
  7484 | D:9      | Found a snail-covered altar of Cheibriados.
  7485 | D:9      | Identified 2 scrolls of acquirement
  7485 | D:9      | Acquired 522 gold pieces
  7489 | D:9      | Acquired a ring of Gacsoik {Wiz rF++ rN+ rCorr Str-5}
  7705 | D:9      | Reached skill level 10 in Maces & Flails
  7746 | D:9      | Noticed a two-headed ogre
  7756 | D:9      | Killed a two-headed ogre
  7757 | D:9      | Reached skill level 11 in Fighting
  7759 | D:9      | Became a worshipper of Cheibriados the Contemplative
  7880 | D:9      | Found an opulent altar of Gozag.
  8009 | D:9      | Reached skill level 1 in Axes
  8014 | D:9      | Reached skill level 1 in Invocations
  8184 | D:9      | Found a hazy altar of Hepliaklqana.
  8402 | D:9      | Found a bloodstained altar of Trog.
  8475 | D:10     | Entered Level 10 of the Dungeon
  8667 | D:10     | Found a stormy altar of Qazlal.
  8718 | D:10     | Reached * piety under Cheibriados
  9044 | D:10     | Found Qyola's Magic Scroll Shop.
  9188 | D:5      | Bought a +6 ring of evasion for 1014 gold pieces
  9781 | D:11     | Identified the +3 mace of Evolution {drain, Int+5}
  9934 | D:11     | Noticed a cyclops
  9944 | D:11     | Killed a cyclops
  9961 | D:11     | Noticed a rakshasa
  9973 | D:11     | Found a transporter.
  9973 | D:11     | Noticed a hell hog
  9982 | D:11     | Noticed Venard's ghost (novice MeEE)
  9983 | D:11     | Noticed a white very ugly thing
  9985 | D:11     | Found a one-way gate to the infinite horrors of the Abyss.
  9992 | D:11     | Found a transporter.
 10032 | D:11     | Reached XP level 12. HP: 80/80 MP: 14/14
 10293 | D:11     | Reached ** piety under Cheibriados
 10307 | D:11     | Reached skill level 5 in Axes
 10359 | D:11     | Found a staircase to the Orcish Mines.
 10640 | D:12     | Noticed a boulder beetle
 10671 | D:12     | Killed a boulder beetle
 10672 | D:12     | Reached skill level 12 in Fighting
 10737 | D:12     | Reached skill level 5 in Invocations
 11484 | D:13     | Found Mullir's Neck Hole.
 11493 | D:13     | Reached *** piety under Cheibriados
 11508 | D:13     | Identified the +1 robe of the True Pharaoh {Dex+4}
 11612 | D:13     | Found Qirar's Distillery.
 11750 | D:13     | Noticed a boulder beetle
 11763 | D:13     | Killed a boulder beetle
 11815 | D:13     | Noticed a boulder beetle
 11852 | D:13     | Killed a boulder beetle
 12007 | D:13     | Reached skill level 13 in Fighting
 12039 | D:13     | Reached **** piety under Cheibriados
 12073 | D:13     | Reached XP level 13. HP: 88/88 MP: 18/18
 12101 | D:13     | Found a gate to the Vaults.
 12101 | D:13     | Noticed a vault guard
 12101 | D:13     | Noticed a vault guard
 12101 | D:13     | Noticed a vault guard
 12110 | D:13     | Killed a vault guard
 12125 | D:13     | Killed a vault guard
 12126 | D:13     | Killed a vault guard
 12127 | D:13     | Reached skill level 10 in Axes
 12131 | D:13     | Slain by a vault guard simulacrum

Illustrated notes

Levels and vault maps discovered:
D:1:      dpeg_arrival_chambers_temple_mockup, layout_basic,
          shapermc_ecumenical_altar_flowoftime, minmay_misc_feat_square,
          nrook_uturn, dreamdust_wishing_well
D:2:      layout_loops_corners, basic_altar, uniq_robin
D:3:      layout_rooms
D:4:      cheibrodos_thug_alley, layout_loops_corners,
          mainiacjoe_overflow_alcove_4, mainiacjoe_overflow_catwalk,
          nzn_wu_jian_council_hall, serial_shops, nicolae_shop_stone,
          uniq_duvessa
D:5:      nicolae_cairo_tiling_very_big, layout_cave_pools, zin_purify,
          chequers_temple_overflow_statue_of_worship, corexii_hall_statues_t,
          nicolae_shop_unique_rings, kennysheep_generic_room_11, uniq_menkaure,
          uniq_pikel
D:6:      layout_loops_cross
D:7:      layout_basic, xom_teletrap_fun, mainiacjoe_overflow_paths,
          minmay_temple_entry_glassed_door, minmay_manual_macuahuitl,
          uniq_crazy_yiuf_cottage, uniq_prince_ribbit1
D:8:      layout_rooms, minmay_lair_entry_grove, minmay_microvault
D:9:      layout_loops_ring, grunt_gozag_breadcrumbs, lightli_temple_of_fire,
          mainiacjoe_overflow_surrounded_room, mainiacjoe_overflow_alcove_2
D:10:     layout_basic, general_overflow_altar, serial_shops,
          kennysheep_little_box
D:11:     layout_long_grid, erik_orc_1, gammafunk_ghost_abyssal_escape,
          mrwooster_statue_mirror, hangedman_decor_peaks_small
D:12:     layout_loops_ring
D:13:     lemuel_flame_loot_2, layout_irregular_city, grunt_vaults_entry_tiered,
          serial_shops, nicolae_shop_window_shopping, serial_bayou_pond_d,
          nicolae_shop_sticking_my_neck_out
Temple:   hellmonk_temple_rainy

Skill      XL: |  1  2  3  4  5  6  7  8  9 10 11 12 13 |
---------------+----------------------------------------+-----
Maces & Flails | 3 4 5 6 7 8 9 10 | 10.1
Fighting       | 4 5 6 8 9 10 11 13 | 13.7
Shields        | 4 5 |  5.4
Armour         | 4 6 |  6.3
Ranged Weapons | 2 |  2.2
Evocations     | 2 5 |  5.5
Conjurations   | 3 4 |  4.5
Dodging        | 2 4 |  4.2
Axes           | 4 9 10 | 10.1
Invocations    | 3 7 8 |  8.4

Action                   |  1- 3 |  4- 6 |  7- 9 | 10-12 | 13-15 || total
-------------------------+-------+-------+-------+-------+-------++-------
Melee: Flail             |   147 |   211 |    46 |    69 |       ||   473
       Hand axe          |       |       |   219 |   595 |    40 ||   854
 Fire: Sling             |       |     9 |       |       |       ||     9
 Cast: Magic Dart        |       |       |       |     3 |       ||     3
Invok: Slouch            |       |       |       |       |     1 ||     1
Evoke: Wand              |       |       |       |     1 |       ||     1
  Use: Potion            |       |     1 |       |     2 |       ||     3
       Scroll            |       |     6 |       |    19 |       ||    25
 Stab: Invisible         |       |       |       |     4 |       ||     4
Armor: Scale mail        |    87 |    62 |       |       |       ||   149
       Leather armour    |       |    59 |   133 |   293 |    20 ||   505
Dodge: Dodged            |    73 |    99 |   153 |   425 |    28 ||   778
Block: Buckler           |    25 |    39 |    65 |   184 |    14 ||   327
